 Dungeon Crawl Stone Soup version 0.31-a0-1074-g0b22e4e0f1 (webtiles) character file.

Game seed: 8643487549932235225

150 monsoonserge the Charlatan (level 5, 0/33 HPs)
             Began as an Octopode Artificer on Dec 5, 2023.
             Killed from afar by an orc wizard (10 damage)
             ... with a magic dart
             ... on level 3 of the Dungeon.
             The game lasted 00:06:40 (2667 turns).

monsoonserge the Charlatan (Octopode Artificer)     Turns: 2667, Time: 00:06:41

Health: 0/33       AC:  1    Str: 13    XL:     5   Next: 32%
Magic:  5/5        EV: 13    Int: 14    God:
Gold:   270        SH:  4    Dex: 12    Spells: 4/4 levels left

rFire   . . .        j - +0 rapier
rCold   . . .        k - +0 buckler
rNeg    . . .        (helmet currently unavailable)
rPois   .            (no amulet)
rElec   .            (no ring)
rCorr   .            (no ring)
SInv    .            (no ring)
Will    .....        (no ring)
Stlth   +++          (no ring)
HPRegen 0.25/turn    (no ring)
MPRegen 0.09/turn    (no ring)
                     (no ring)

%: no passive effects
@: beast-form
A: beast (slay +1), almost no armour, amphibious, 8 rings, camouflage 1,
gelatinous body 1, (nimble swimmer 1), tentacles
a: Begin Untransformation


You were on level 3 of the Dungeon.
You were a hulking beast.
You visited 1 branch of the dungeon, and saw 3 of its levels.

You collected 270 gold pieces.

Inventory:

Hand Weapons
 j - a +0 rapier (weapon)
Missiles
 q - 6 poisoned darts
Armour
 f - a +0 kite shield
 k - a +0 buckler (worn)
Talismans
 g - a beast talisman (active)
Wands
 b - a wand of flame (14) (quivered)
 c - a wand of charming (15)
 d - a wand of iceblast (5)
Scrolls
 a - 2 scrolls of enchant armour {unknown}
 i - a scroll of enchant weapon {unknown}
 l - a scroll of revelation {unknown}
 m - a scroll of immolation {unknown}
 p - a scroll of silence {unknown}
 r - a scroll of torment {unknown}
 s - a scroll of blinking {unknown}
Potions
 e - a potion of brilliance {unknown}
 h - a potion of curing
 n - a potion of invisibility {unknown}
 o - a potion of attraction {unknown}


   Skills:
 - Level 1.0 Fighting
 - Level 1.0 Short Blades
 - Level 3.0 Dodging
 - Level 2.0 Stealth
 + Level 1.3 Shields
 * Level 2.2 Unarmed Combat
 + Level 3.8 Evocations
 - Level 2.0 Shapeshifting


You had 4 spell levels left.
You didn't know any spells.
Your spell library was empty.

Dungeon Overview and Level Annotations

Branches:
Dungeon (3/15)

Altars:
Fedhas
Okawaru
Ru

Shops:
D:2 (

Annotations:
D:3 1 runed translucent door


Innate Abilities, Weirdness & Mutations

You are a hulking beast.
Your limbs bulge with bestial killing power. (Slay +1)
You cannot wear most types of armour.
You are amphibious.
You can wear up to eight rings at the same time.
Your skin changes colour to match your surroundings (Stealth+).
Your rubbery body absorbs attacks. (AC +1, EV +1)
((You are camouflaged when in or above water. (Stealth+)))
You have tentacles for arms and can constrict up to eight enemies at once.


Message History

The orc wizard flickers and vanishes!
Deactivating autopickup; reactivate with Ctrl-A.
You hit the adder.
The adder is heavily wounded.
You constrict the adder. The adder closely misses you.
The adder barely misses you.
You hit the adder.
You kill the adder!
Training target 2.0 for Shapeshifting reached!
Your Shapeshifting skill increases to level 2!
An orc comes into view. It is wielding a +0 dagger.
A quokka comes into view.
Something hits you.
The orc shouts!
You hit something.
You hear some strange, mumbled words.
You are confused.
You bump into the rock wall.
Something hits you.
You bump into the rock wall.
Something hits you. Something hits you.
You closely miss something.
Your tentacle-slap misses something.
Your squeeze misses something. Something hits you.
You miss something. Your squeeze misses something. Something hits you.
You completely miss something. Your squeeze misses something.
You feel less confused. Something hits you. x2
* * * LOW HITPOINT WARNING * * *
Unknown command.
Aiming: Throw Flame
Press: ? - help, Shift-Dir - straight line, f - orc
Aim: an orc, wielding a +0 mace (71% to hit)
The puff of flame hits something.
Something hits you.
* * * LOW HITPOINT WARNING * * *
Unknown command.
It was a potion of curing.
You feel better.
The quokka twitches its whiskers.
You hear some strange, mumbled words.
A magic dart appears from out of thin air!
The magic dart hits you!
You die...

#...####.. 8 #.......#
# ? #..####.# .# #.
#..####.##.# #!
####..........# #8
#...........# ##
#.##........### .
#.##..###.....#### .P.
#h##..# #......... ....
#{###.###...#.####
.._..###g###..........#
.g.....ro...(..####...#
......o##.##.### #...#
##........##.# #...# #
....o..##.##.# #...###
#.# ....... #.##.#
##...... ..# .o.....
.....#####....###


You could see an orc, a quokka and a goblin.

Vanquished Creatures
  Natasha (D:2)
  5 adders
  2 worms (D:2)
  2 dart slugs
  10 bats
  8 endoplasms
  2 giant cockroaches
  7 hobgoblins
  2 jackals (D:1)
  6 kobolds
  6 quokkas
  3 ball pythons
  2 frilled lizards
  5 goblins
  6 rats
67 creatures vanquished.

Notes
Turn   | Place    | Note
-------+----------+-------------------------------------------
     0 | D:1      | monsoonserge the Octopode Artificer began the quest for the
                  | Orb.
     0 | D:1      | Reached XP level 1. HP: 13/13 MP: 1/1
   265 | D:1      | Reached XP level 2. HP: 18/18 MP: 2/2
   767 | D:1      | Reached XP level 3. HP: 21/23 MP: 3/3
  1543 | D:2      | Reached skill level 1 in Unarmed Combat
  1620 | D:2      | Reached skill level 1 in Shapeshifting
  1620 | D:2      | Reached XP level 4. HP: 23/28 MP: 4/4
  1640 | D:2      | Found Lathrasa's Weapon Emporium.
  1647 | D:2      | Reached skill level 1 in Short Blades
  2210 | D:2      | Noticed Natasha
  2216 | D:2      | Killed Natasha
  2217 | D:2      | Reached skill level 1 in Shields
  2279 | D:3      | Reached XP level 5. HP: 24/33 MP: 5/5
  2375 | D:3      | Found a sacrificial altar of Ru.
  2394 | D:3      | Identified the +4 helmet "Obirph" {Int+3}
  2560 | D:3      | Found an iron altar of Okawaru.
  2560 | D:3      | Found a runed translucent door.
  2568 | D:3      | Found the +0 toga "Victory" {*Victory Clar}
  2569 | D:3      | Noticed a centaur
  2641 | D:3      | Found a blossoming altar of Fedhas.
  2667 | D:3      | Killed from afar by an orc wizard

Illustrated notes

Levels and vault maps discovered:
D:1:      kennysheep_arrival_seaside, layout_basic, palyth_stone_intersect
D:2:      layout_basic, serial_shops, nicolae_shop_bloodbath_and_beyond,
          serial_co_window_serial, co_window_paths_b, co_window_paths_a,
          co_window_paths_a, co_window_cross_1, co_window_corner_a,
          co_window_paths_a, co_window_broadway_c, co_window_2corner,
          co_window_2corner, co_window_paths_c, co_window_4corner_a,
          glass_columns_b, glass_columns_b, uniq_natasha
D:3:      layout_loops_cross, nicolae_overflow_guarded_unrand_okawaru_victory,
          amcnicky_altar_gilded, fedhas_altar_3, zin_angel, minmay_quantized

Skill      XL: |  1  2  3  4  5 |
---------------+----------------+-----
Stealth        | 2 |  2.0
Dodging        | 3 |  3.0
Unarmed Combat | 1 2 |  2.2
Shapeshifting  | 1 2 |  2.0
Short Blades   | 1 |  1.0
Shields        | 1 |  1.3
Fighting       | |  1.0
Evocations     | |  3.8

Action                     |  1- 3 |  4- 6 || total
---------------------------+-------+-------++-------
  Melee: Dagger            |    11 |       ||    11
         Constrict         |    28 |     9 ||    37
         Club              |     5 |       ||     5
         Tentacles         |    27 |     6 ||    33
         Short sword       |    44 |       ||    44
         Punch             |     3 |     2 ||     5
         Rapier            |    22 |    44 ||    66
  Evoke: Wand              |       |     1 ||     1
    Use: Potion            |       |     1 ||     1
   Stab: Sleeping          |    12 |     6 ||    18
 Armour: Skin              |    50 |    19 ||    69
  Dodge: Dodged            |    54 |    20 ||    74
  Block: Kite shield       |    12 |       ||    12
         Buckler           |     4 |     5 ||     9
   Form: Beast             |     1 |       ||     1

Table legend: (Time is in decaauts)
 A = Elapsed time spent in this place.
 B = Non-inter-level travel time spent in this place.
 C = Inter-level travel time spent in this place.
 D = Time resting spent in this place.
 E = Time spent auto-exploring this place.
 F = Levels seen in this place.
 G = Mean time per level.
                   A        B        C        D        E       F      G
               +--------+--------+--------+--------+--------+-----+--------+
         Total |   2691 |   2645 |     46 |     42 |   1628 |   3 |  897.0 |
       Dungeon |   2691 |   2645 |     46 |     42 |   1628 |   3 |  897.0 |
               +--------+--------+--------+--------+--------+-----+--------+

Top non-repeatable levels by time:
     D:1: 1168 daAuts
     D:2: 1114 daAuts
     D:3: 407 daAuts
